 Dungeon Crawl Stone Soup version 0.24.0-1-gfbc8707 (webtiles) character file.

Game seed: 10677237641160489186, levelgen mode: deterministic

222 Exaltedone87 the Cudgeler (level 5, -2/53 HPs)
             Began as a Troll Fighter on Nov 8, 2019.
             Slain by an iguana (13 damage)
             ... on level 4 of the Dungeon.
             The game lasted 00:04:21 (2311 turns).

Exaltedone87 the Cudgeler (Troll Fighter)           Turns: 2311, Time: 00:04:22

Health: -2/53      AC:  6    Str: 25    XL:     5   Next: 66%
Magic:  4/4        EV:  8    Int:  4    God:
Gold:   125        SH:  9    Dex:  9    Spells: 4/4 levels left

rFire    . . .     SeeInvis .   a - +0 flail
rCold    . . .     Gourm    +   c - +0 shield
rNeg     + . .     Faith    .   b - +0 robe
rPois    .         Spirit   .   (helmet restricted)
rElec    .         Reflect  .   (no cloak)
rCorr    .         Harm     .   (gloves unavailable)
MR       .....                  (boots unavailable)
Stlth    +.........             (no amulet)
HPRegen  0.57/turn              e - ring of positive energy
MPRegen  0.09/turn              (no ring)

@: lethally poisoned (-2 -> -3), very slightly contaminated
A: large, unfitting armour, claws 3, fast metabolism 3, gourmand, regeneration
1, shaggy fur 1, tough skin 3
a: no special abilities


You were on level 4 of the Dungeon.
You were not hungry.

You visited 1 branch of the dungeon, and saw 4 of its levels.

You collected 125 gold pieces.

Inventory:

Hand Weapons
 a - a +0 flail (weapon)
Armour
 b - a +0 robe (worn)
 c - a +0 shield (worn)
Jewellery
 e - a ring of positive energy (left claw)
Wands
 m - a wand of disintegration (11)
 p - a wand of acid (7)
Scrolls
 i - a scroll of blinking
 l - a scroll of identify
Potions
 h - a potion of haste
 k - a potion of curing
Comestibles
 f - 4 rations


   Skills:
 + Level 3.1 Fighting
 * Level 3.7 Maces & Flails
 + Level 3.2 Dodging
 + Level 3.2 Shields


You had 4 spell levels left.
You didn't know any spells.
Your spell library contained the following spells:

 Spells                   Type           Power        Failure   Level  Hunger
 Confusing Touch          Hex            #.....       89%         1    ##.....
 Confuse                  Hex            #.......     99%         3    ####...
 Gell's Gravitas          Tloc           #.........   99%         3    ####...
 Petrify                  Tmut/Erth      #.......     100%        4    #####..
 Metabolic Englaciation   Hex/Ice        #.........   100%        5    ######.
 Yara's Violent Unravell  Hex/Tmut       #.........   100%        5    ######.


Dungeon Overview and Level Annotations

Branches:
Dungeon (4/15)
 Temple: D:4-7

Altars:
Gozag
Qazlal
Trog
Uskayaw
Zin


Innate Abilities, Weirdness & Mutations

You are too large for most types of armour.
You have claws for hands.
Your metabolism is lightning-fast.
You like to eat raw meat.
Your natural rate of healing is unusually fast.
You are covered in fur. (AC +1)
You have extremely tough skin. (AC +3)


Message History

You block the worker ant's attack. The iguana bites you!
You completely miss the worker ant.
The worker ant is severely wounded.
The worker ant bites you.
You are poisoned.
The worker ant poisons you!
The iguana bites you but does no damage.
You hit the iguana but do no damage.
You feel sick. You block the worker ant's attack. The iguana barely misses you.
The worker ant barely misses you.
You closely miss the iguana.
You feel sick. You block the worker ant's attack. The iguana bites you!
* * * LOW HITPOINT WARNING * * *
The worker ant bites you.
* * * LOW HITPOINT WARNING * * *
You block the iguana's attack.
You hit the iguana.
The iguana is lightly wounded.
The worker ant barely misses you. The iguana bites you!
You die...

#......# .......
#§§§...##### .....#
#§§§§..'.... #....#
#§§§§..#####
#....##. #§§§§..#
#....##.####§######
#....##..###......#
+..la+...........>+
#...@###..##......#
#.........##......#
##........##......#
#.........#.###+###
#.......#.#.(.....##
#.......#.#.......'.
#.......#..#......##
#.......##^####'###
#.......##.# #.#


You could see an iguana and a worker ant.

Vanquished Creatures
  An ogre (D:4)
  6 adders
  An adder skeleton (D:4)
  4 worms
  A dart slug (D:1)
  3 leopard geckos
  An orc (D:3)
  5 bats
  3 giant cockroaches
  8 goblins
  8 hobgoblins
  10 kobolds
  A quokka (D:2)
  A ball python (D:1)
  6 frilled lizards
  8 rats
67 creatures vanquished.

Notes
Turn   | Place    | Note
-------+----------+-------------------------------------------
     0 | D:1      | Exaltedone87 the Troll Fighter began the quest for the Orb.
     0 | D:1      | Reached XP level 1. HP: 22/22 MP: 0/0
   128 | D:1      | Reached XP level 2. HP: 29/29 MP: 1/1
   636 | D:1      | Reached XP level 3. HP: 36/36 MP: 2/2
  1216 | D:2      | Found a glowing silver altar of Zin.
  1216 | D:2      | Found an opulent altar of Gozag.
  1345 | D:2      | Reached XP level 4. HP: 43/44 MP: 3/3
  1560 | D:2      | Found a stormy altar of Qazlal.
  1701 | D:2      | Found a bloodstained altar of Trog.
  1701 | D:2      | Found a hide-covered altar of Uskayaw.
  2125 | D:3      | Reached XP level 5. HP: 37/53 MP: 4/4
  2166 | D:4      | Noticed an ogre
  2173 | D:4      | Killed an ogre
  2311 | D:4      | Slain by an iguana

Levels and vault maps discovered:
D:1:      dpeg_arrival_oval, layout_basic, hangedman_decor_clover_reticule
D:2:      layout_loops_ring, grunt_temple_overflow_gold_and_silver,
          gammafunk_temple_overflow_elements, lemuel_round_altar, first_ration
D:3:      layout_rooms, chequers_serial_rivers_micro_b, corner_web_ring
D:4:      layout_basic

Skill      XL: |  1  2  3  4 |
---------------+-------------+-----
Maces & Flails | 2 3 |  3.7
Dodging        | 3 |  3.2
Shields        | 3 |  3.2
Fighting       | 3 |  3.1

Action                   |  1- 3 |  4- 6 || total
-------------------------+-------+-------++-------
Melee: Flail             |   153 |   147 ||   300
  Use: Potion            |     3 |     3 ||     6
       Scroll            |     2 |     7 ||     9
  Eat: Chunk             |     9 |    13 ||    22
Armor: Robe              |    62 |    54 ||   116
Dodge: Dodged            |    47 |    60 ||   107
Block: Shield            |    66 |    66 ||   132
